Map: Ruiny na Bel'Shir ER (Void)

Players

BossTerraN

  • Race: Terran Terran
  • League: Master
  • Spawn Location: 11:00

OuO - Winner!

  • Race: Protoss Protoss
  • League: Master
  • Spawn Location: 5:00

VOD

Have the link to the VOD?

Description

Time

  • Played on: Jan. 30, 2017, 5:25 p.m.
  • Length: 11:29
Show
View Real Time Build Order
Export as new Build Order

BossTerraN Terran 

Build Orders: Reaper Expand, MMM Bio 

Get SALT Encoding   

  12  0:01  SCV  
  13  0:13  SCV  
  14  0:17  Supply Depot  
  14  0:25  SCV  
  15  0:39  SCV  
  15  0:40  Barracks  
  16  0:45  Refinery  
  16  0:51  SCV  
  17  1:03  SCV  
  18  1:15  SCV  
  19  1:27  Orbital Command  
  19  1:30  Reaper  
  20  1:38  Command Center  
  20  1:49  Supply Depot  
  20  1:53  SCV  
  21  2:02  Barracks Reactor  
  21  2:05  SCV  
  22  2:17  SCV  
  23  2:25  Factory  
  23  2:26  Refinery  
  23  2:29  SCV  
  24  2:40  Marine x2  
  24  2:41  SCV  
  27  2:51  Engineering Bay  
  27  2:52  Orbital Command  
  27  2:53  SCV  
  27  2:57  Marine  
  27  2:58  Marine  
  30  3:05  SCV  
  30  3:08  Widow Mine  
  30  3:10  Starport  
  33  3:18  SCV, Marine x2  
  36  3:22  Missile Turret x2  
  35  3:29  SCV  
  35  3:30  SCV  
  37  3:38  Marine  
  38  3:41  SCV, Factory Tech Lab  
  38  3:42  Widow Mine  
  38  3:47  Medivac, Barracks  
  42  3:49  SCV  
  42  3:54  Marine  
  42  3:55  Marine  
  42  3:57  SCV  
  44  4:04  SCV  
  44  4:05  Barracks  
  45  4:11  Factory Tech Lab  
  45  4:12  SCV  
  45  4:15  Supply Depot  
  46  4:17  Supply Depot  
  46  4:37  Siege Tank, SCV x2, Barracks Tech Lab, Medivac, Marine  
  54  4:38  Supply Depot  
  54  4:39  Marine  
  54  4:40  Refinery  
  55  4:49  SCV x2  
  57  4:53  Supply Depot  
  57  4:54  Barracks Tech Lab  
  57  4:55  Stimpack, Marine  
  58  5:01  SCV x2  
  54  5:10  Siege Tank  
  54  5:13  SCV  
  58  5:14  SCV  
  58  5:19  Refinery  
  58  5:21  Marine x3  
  58  5:23  Medivac  
  58  5:25  SCV, Marine  
  64  5:29  SCV  
  64  5:31  Supply Depot  
  64  5:34  Combat Shields  
  65  5:37  SCV  
  65  5:39  Marauder  
  65  5:41  SCV, Marine x2  
  71  5:42  Marine  
  73  5:50  SCV  
  73  5:53  SCV  
  74  6:00  Marine x2  
  74  6:02  SCV  
  77  6:04  Factory Reactor  
  77  6:06  Starport Reactor  
  77  6:09  Marauder  
  77  6:10  Marauder, SCV  
  82  6:14  SCV, Command Center  
  83  6:19  Supply Depot  
  83  6:22  SCV  
  83  6:25  Marine x2  
  86  6:33  Supply Depot, Barracks x2  
  86  6:41  Marauder x2, SCV x2  
  86  6:43  Widow Mine  
  94  6:54  Widow Mine  
  94  6:55  SCV x2, Medivac x2  
  102  7:03  Terran Infantry Weapons Level 1  
  102  7:07  Engineering Bay  
  102  7:22  Supply Depot  
  102  7:26  SCV x2, Medivac x2, Marine x4  
  112  7:34  SCV  
  112  7:35  Supply Depot  
  114  7:43  Marine  
  114  7:44  Marine  
  113  7:45  Barracks Reactor  
  113  7:49  Widow Mine x2  
  111  7:51  Orbital Command  
  111  7:54  Barracks Reactor  
  111  7:56  Medivac x2  
  111  7:58  Barracks Reactor  
  107  8:01  Barracks Reactor, Marine x2  
  107  8:08  SCV x2  
  109  8:15  Starport x2  
  109  8:17  SCV  
  109  8:18  Widow Mine, Starport  
  109  8:19  Marine x2  
  114  8:21  Armory  
  114  8:22  Widow Mine  
  114  8:25  Terran Infantry Armor Level 1  
  114  8:26  SCV  
  117  8:32  SCV x2  
  119  8:37  Marine x2  
  119  8:46  Marine x2  
  119  8:47  Marine x2  
  119  8:48  Widow Mine, Marine x2  
  120  8:50  Widow Mine, Medivac x2  
  120  8:53  Refinery  
  120  8:54  Refinery  
  120  8:55  Marine  
  131  8:57  Marine x2  
  133  9:05  Command Center  
  133  9:19  SCV, Marine x10  
  130  9:35  Viking  
  130  9:36  Marine  
  129  9:48  Fusion Core  
  129  9:50  Marine x7  
  135  9:57  Marine x3  
  138  10:08  Marine x6  
  138  10:10  Marine  
  132  10:15  Marine  
  132  10:16  Marine x2  
  116  10:26  Marine x2  
  107  10:29  Orbital Command  
  107  10:33  Marine x3  
  110  10:39  Viking  
  110  10:40  Viking  
  115  10:45  Marine  
  115  10:46  Marine x6  
  114  10:51  Marine  
  116  11:00  Marine  
Show
View Real Time Build Order
Export as new Build Order

OuO Protoss - Winner!

Build Orders: 1 Gate Expand, Oracle Opening, Carrier Rush 

Get SALT Encoding   

  12  0:02  Probe (Chrono Boost)  
  13  0:12  Probe (Chrono Boost)  
  14  0:18  Pylon  
  14  0:23  Probe (Chrono Boost)  
  15  0:36  Probe (Chrono Boost)  
  15  0:37  Gateway  
  15  0:41  Assimilator  
  16  0:46  Probe (Chrono Boost)  
  17  0:57  Probe (Chrono Boost)  
  18  1:08  Probe (Chrono Boost)  
  19  1:18  Nexus  
  19  1:28  Cybernetics Core  
  19  1:32  Probe (Chrono Boost)  
  20  1:37  Assimilator  
  20  1:43  Probe (Chrono Boost)  
  21  1:47  Pylon  
  21  1:53  Probe (Chrono Boost)  
  22  2:02  Adept  
  22  2:06  Probe (Chrono Boost)  
  25  2:11  Stargate  
  25  2:18  Probe (Chrono Boost), Warp Gate  
  26  2:25  Adept  
  29  2:30  Probe x2 (Chrono Boost)  
  29  2:44  Probe x2 (Chrono Boost)  
  30  2:49  Oracle  
  30  2:56  Probe x2 (Chrono Boost)  
  35  3:07  Probe (Chrono Boost)  
  35  3:08  Probe (Chrono Boost)  
  37  3:18  Probe (Chrono Boost)  
  38  3:21  Probe (Chrono Boost)  
  38  3:27  Assimilator  
  38  3:29  Mothership Core (Chrono Boost), Assimilator  
  38  3:33  Probe (Chrono Boost)  
  41  3:41  Pylon  
  41  3:43  Pylon  
  41  3:45  Probe (Chrono Boost)  
  41  3:47  Probe (Chrono Boost)  
  43  3:57  Probe (Chrono Boost)  
  43  3:58  Probe (Chrono Boost)  
  45  4:06  Fleet Beacon  
  45  4:08  Stargate, Probe (Chrono Boost)  
  45  4:09  Probe (Chrono Boost)  
  47  4:13  Pylon  
  47  4:19  Probe (Chrono Boost)  
  47  4:21  Probe (Chrono Boost)  
  47  4:22  Forge  
  49  4:26  Pylon  
  49  4:30  Probe (Chrono Boost)  
  50  4:31  Pylon  
  51  4:39  Probe (Chrono Boost)  
  51  4:40  Carrier  
  51  4:44  Pylon  
  51  4:46  Probe (Chrono Boost)  
  58  5:12  Probe (Chrono Boost)  
  58  5:13  Probe (Chrono Boost)  
  54  5:15  Carrier, Photon Cannon  
  54  5:22  Photon Cannon  
  54  5:25  Probe x2 (Chrono Boost)  
  62  5:29  Protoss Air Weapons Level 1  
  63  5:37  Adept, Probe (Chrono Boost)  
  63  5:41  Probe (Chrono Boost)  
  66  5:44  Twilight Council  
  66  5:49  Probe (Chrono Boost)  
  67  5:51  Graviton Catapult  
  67  5:55  Probe (Chrono Boost)  
  67  5:56  Carrier  
  68  6:01  Probe (Chrono Boost)  
  76  6:12  Probe (Chrono Boost)  
  76  6:13  Adept  
  78  6:28  Pylon  
  78  6:29  Carrier, Resonating Glaives  
  78  6:41  Gateway  
  78  6:42  Gateway  
  84  6:49  Adept  
  86  7:04  Probe (Chrono Boost)  
  87  7:14  Nexus  
  87  7:16  Pylon  
  87  7:17  Gateway x2  
  87  7:19  Probe (Chrono Boost)  
  87  7:22  Probe (Chrono Boost)  
  89  7:33  Adept  
  91  7:46  Carrier  
  91  7:56  Adept x3, Probe (Chrono Boost)  
  104  7:59  Templar Archives  
  104  8:07  Pylon  
  104  8:09  Probe x2 (Chrono Boost)  
  106  8:12  Pylon  
  106  8:13  Carrier  
  106  8:15  Pylon  
  107  8:20  Protoss Air Weapons Level 2  
  107  8:21  Probe (Chrono Boost)  
  107  8:26  Assimilator  
  113  8:28  Assimilator  
  113  8:29  Probe x2 (Chrono Boost)  
  115  8:39  Psionic Storm  
  113  8:54  Probe (Chrono Boost), High Templar  
  113  8:55  High Templar  
  118  8:59  Pylon  
  118  9:01  Pylon  
  118  9:03  Pylon  
  118  9:05  High Templar  
  120  9:19  High Templar x2  
  120  9:43  Adept x3  
  120  9:45  Stargate  
  126  9:46  Stargate  
  126  10:00  Stalker  
  126  10:01  Stalker  
  128  10:08  Adept  
  128  10:09  Adept x2  
  134  10:38  Fleet Beacon  
  134  10:40  Gateway  
  134  10:42  Gateway  
  134  10:45  Gateway  
  134  10:46  Gateway  
  132  10:50  Gateway  
  132  10:52  Gateway  
  132  10:53  Pylon  
  129  11:08  High Templar x2  
  129  11:09  Adept, High Templar  
  129  11:10  Adept  
Tags
 
Add a new tag
Caveats
  • Supply blocks, unpowered buildings, or Contaminate may cause inaccurate times.
  • Supply counts are checked every 10 seconds.